 Dungeon Crawl Stone Soup version 0.14.0-12-g87ee3b7 (webtiles) character file.

8219 4tharraofdagon the Arsonist (level 11, -5/54 HPs)
             Began as a Deep Elf Fire Elementalist on Apr 17, 2014.
             Was a Follower of Vehumet.
             Slain by a minotaur
             ... wielding the +9,+6 trident of Experimentation {vamp, Str+2 Dex+3 Int+2}
              (33 damage)
             ... in a labyrinth.
             The game lasted 00:31:34 (4291 turns).

4tharraofdagon the Arsonist (DEFE)                  Turns: 4291, Time: 00:31:34

HP  -5/54        AC 10     Str  5      XL: 11   Next:  0%
MP   6/32        EV 13     Int 26      God: Vehumet [*.....]
Gold 501         SH 11     Dex 15      Spells:  4 memorised, 15 levels left

rFire  + + .     SeeInvis +     l - staff of wizardry
rCold  . . .     Clarity  .     R - +2 robe {rF+}
rNeg   . . .     Conserve .     d - +0 buckler
rPois  .         rCorr    .     (helmet restricted)
rElec  .         rRot     .     h - +2 cloak {+Inv}
SustAb . .       Spirit   .     e - +1 pair of gloves
rMut   .         Warding  .     E - +0 pair of boots of Rueshin {Int+2}
Saprov . . .     Stasis   .     (no amulet)
MR     +....                    s - ring of protection from fire
                                g - ring of see invisible {unknown}

@: about to teleport, very slightly contaminated, somewhat resistant to hostile
enchantments, fairly stealthy
A: antennae 1, regeneration 1
a: Renounce Religion, Evoke Invisibility


You were in a labyrinth.
You worshipped Vehumet.
Vehumet was aware of your devotion.
You were not hungry.

You visited 3 branches of the dungeon, and saw 14 of its levels.
You also visited: Labyrinth.

You collected 501 gold pieces.

Inventory:

Hand weapons
 H - the cursed +3,+1 crossbow "Khameughop" {flame, +Fly rC+, unknown}
   (You found it on level 9 of the Dungeon)

   It turns projectiles fired from it into bolts of flame.
   It protects you from cold.
   It lets you fly.
   It has a curse placed upon it.
Missiles
 r - 6 darts of flame (quivered)
Armour
 d - a +0 buckler (worn)
 e - a +1 pair of gloves (worn)
 h - a +2 cloak of darkness (worn)
 E - the +0 pair of boots of Rueshin (worn) {Int+2}
   (You found it on level 7 of the Dungeon)

   It affects your intelligence (+2).
 R - a +2 robe of fire resistance (worn)
Magical devices
 o - a wand of paralysis (3)
 p - a wand of random effects (6)
 x - a wand of slowing (10)
 C - a wand of random effects (12)
 Q - a wand of draining (0)
Comestibles
 c - 3 bread rations
 m - 2 rotting chunks of blink frog flesh
Scrolls
 k - a scroll of acquirement {unknown}
 u - a scroll of enchant weapon I
 D - a scroll of enchant weapon II
 K - a scroll of remove curse
 L - 2 scrolls of noise {unknown}
 P - a scroll of fear {unknown}
 S - a scroll of enchant armour
Jewellery
 a - an uncursed amulet of resist corrosion {unknown}
 g - a ring of see invisible (left hand) {unknown}
 s - a ring of protection from fire (right hand)
 B - a +3 ring of dexterity
 I - an uncursed amulet of conservation {unknown}
 O - an uncursed ring of flight
Potions
 i - a potion of flight
 q - 2 potions of agility {unknown}
 v - a potion of lignification
 z - 2 potions of restore abilities
 A - 4 potions of curing
 F - a potion of cure mutation
 M - a potion of degeneration {unknown}
Books
 b - a book of Flames

   Spells                             Type                      Level
   *Flame Tongue                      Conjuration/Fire             1
   Throw Flame                        Conjuration/Fire             2
   *Conjure Flame                     Conjuration/Fire             3
   Inner Flame                        Hexes/Fire                   3
   *Sticky Flame                      Conjuration/Fire             4
   *Fireball                          Conjuration/Fire             5
 n - a book of Callings

   Spells                             Type                      Level
   Summon Small Mammal                Summoning                    1
   Call Imp                           Summoning                    2
   Call Canine Familiar               Summoning                    3
   Summon Guardian Golem              Hexes/Summoning              4
   Summon Lightning Spire             Summoning/Air                4
   Summon Ice Beast                   Ice/Summoning                4
Magical staves
 l - an uncursed staff of wizardry (weapon)


   Skills:
 - Level 2.4 Dodging
 - Level 2.4 Stealth
 + Level 5.5 Shields
 + Level 9.4 Spellcasting
 * Level 10.9 Conjurations
 * Level 11.1 Fire Magic


You had 15 spell levels left.
You knew the following spells:

 Your Spells              Type           Power        Failure   Level  Hunger
a - Flame Tongue          Conj/Fire      #####        1%          1    None
b - Conjure Flame         Conj/Fire      ######..     1%          3    None
c - Sticky Flame          Conj/Fire      ######..     1%          4    #......
d - Fireball              Conj/Fire      ######....   1%          5    ###....


Dungeon Overview and Level Annotations

Branches:
Dungeon (10/15)            Temple (1/1) D:7            Lair (3/8) D:10
    Orc: D:9-12       Swamp: Lair:3-6    Shoals: Lair:3-6     Snake: Lair:3-6
 Spider: Lair:3-6

Altars:
Ashenzari
Cheibriados
Fedhas
Makhleb
Nemelex Xobeh
Okawaru
Sif Muna
Trog
Vehumet
Xom
Zin
The Shining One


Innate Abilities, Weirdness & Mutations

You have a pair of small antennae on your head.
Your natural rate of healing is unusually fast.


Message History

Okay, then.
Read which item? (? for menu, Esc to quit)
Okay, then.
Read which item? (? for menu, Esc to quit)
As you read the scroll of teleportation, it crumbles to dust.
You feel strangely unstable. The minotaur completely misses you.
The minotaur hits you from afar with a crystal trident!
The minotaur draws strength from your injuries!
Unknown command.
Casting: Fireball
Confirm with . or Enter, or press ? or * to list all spells.
Aiming: Fireball
Press: ? - help, Shift-Dir - straight line, f - minotaur
Aim: a minotaur, wielding a crystal trident {vamp}, wearing a plate armour, wearing a shield and carrying a wand of flame {zapped: 4} (moving very quickly)
The fireball explodes!
The fireball engulfs the minotaur.
The minotaur is moderately wounded.
The minotaur is no longer moving quickly.
The minotaur hits you from afar with a crystal trident {vamp}!
Ouch! That really hurt!
You die...

# #########.#
#.....#...#.#
#.##@§H.....#
#..##'##..#
###..# . #
#....# .# .
#.##.# 8# . .
#....# # #
###..# .8#
#..# .%#
#.##.#


You could see a minotaur.

Vanquished Creatures
  A hydra (Lair:2)
  Pikel (D:5)
  A black mamba (Lair:2)
  A spiny frog (Lair:2)
  4 wandering mushrooms (Lab)
  A fire drake (D:10)
  A basilisk (Lab)
  4 blink frogs (Lair:3)
  A minotaur skeleton (Lab)
  A wraith (D:7)
  6 yaks (D:10)
  Eustachio (D:5)
  A hippogriff (D:10)
  A sky beast (D:3)
  A porcupine (Lair:3)
  3 slaves (D:5)
  2 black bears
  A phantom (D:9)
  4 ogres
  An ice beast (D:10)
  2 centaurs
  A yellow wasp (D:7)
  Sigmund (D:5)
  A big kobold (D:7)
  A giant slug (Lair:3)
  4 giant frogs
  3 killer bees (D:8)
  6 hounds
  A goliath beetle (D:8)
  Crazy Yiuf (D:5)
  A giant frog skeleton (D:10)
  2 jellies
  A black bear skeleton (D:8)
  2 orc wizards
  4 worker ants
  An ogre zombie (D:9)
  An ogre skeleton (D:6)
  A worker ant zombie (D:7)
  4 adders
  3 gnolls (D:4)
  3 orc skeletons
  3 worms
  A gnoll skeleton (D:5)
  An adder skeleton (D:7)
  2 giant eyeballs
  6 giant geckos
  15 orcs
  6 bats
  4 giant cockroaches
  4 goblins
  10 hobgoblins
  3 jackals (D:3)
  5 kobolds
  5 quokkas
  A ball python (D:3)
  A giant newt (D:2)
  A giant spore (D:7)
  A kobold skeleton (D:4)
  9 rats
159 creatures vanquished.

Vanquished Creatures (others)
  A bat (D:3)
  A fungus (Lair:2)
2 creatures vanquished.

Grand Total: 161 creatures vanquished

Notes
Turn   | Place    | Note
--------------------------------------------------------------
     0 | D:1      | 4tharraofdagon, the Deep Elf Fire Elementalist, began the quest for the Orb.
     0 | D:1      | Reached XP level 1. HP: 10/10 MP: 5/5
   133 | D:2      | Reached XP level 2. HP: 15/15 MP: 3/8
   200 | D:3      | Reached skill level 1 in Shields
   259 | D:2      | Reached XP level 3. HP: 8/19 MP: 8/11
   264 | D:2      | Learned a level 3 spell: Conjure Flame
   730 | D:3      | Reached skill level 4 in Fire Magic
   846 | D:3      | Reached XP level 4. HP: 18/24 MP: 7/14
   861 | D:3      | Learned a level 4 spell: Sticky Flame
  1003 | D:3      | Reached XP level 5. HP: 26/28 MP: 2/17
  1037 | D:3      | Noticed a sky beast
  1051 | D:3      | Killed a sky beast
  1059 | D:3      | Gained mutation: Your natural rate of healing is unusually fast. [mutagenic meat]
  1060 | D:3      | Gained mutation: You have a pair of small antennae on your head. [mutagenic meat]
  1141 | D:4      | Reached XP level 6. HP: 32/32 MP: 6/20
  1178 | D:4      | Learned a level 5 spell: Fireball
  1250 | D:4      | Reached skill level 5 in Fire Magic
  1320 | D:5      | Entered Level 5 of the Dungeon
  1325 | D:5      | Noticed Eustachio
  1339 | D:5      | Killed Eustachio
  1409 | D:5      | Reached XP level 7. HP: 36/36 MP: 16/22
  1441 | D:5      | Noticed Sigmund
  1446 | D:5      | Killed Sigmund
  1446 | D:5      | Reached skill level 5 in Spellcasting
  1446 | D:5      | Reached skill level 5 in Conjurations
  1547 | D:6      | Found a burning altar of Makhleb.
  1756 | D:7      | Found a staircase to the Ecumenical Temple.
  1775 | D:7      | Reached skill level 6 in Fire Magic
  1901 | D:7      | Got a pair of crude boots
  1927 | Temple   | Entered the Ecumenical Temple
  1947 | Temple   | Identified the +0 pair of boots of Rueshin {Int+2} (You found it on level 7 of the Dungeon)
  2199 | D:8      | Reached XP level 8. HP: 41/41 MP: 15/24
  2201 | D:8      | Paralysed by a giant eyeball for 4 turns
  2294 | D:8      | Reached skill level 7 in Fire Magic
  2350 | D:9      | Got a warped crossbow
  2391 | D:10     | Entered Level 10 of the Dungeon
  2441 | D:10     | Paralysed by a giant eyeball for 4 turns
  2588 | D:7      | Found a glowing golden altar of the Shining One.
  2717 | D:7      | Noticed a wraith
  2736 | D:7      | Killed a wraith
  2736 | D:7      | Reached skill level 8 in Fire Magic
  2736 | D:7      | Reached XP level 9. HP: 36/45 MP: 0/27
  2944 | D:5      | Noticed Pikel
  3039 | D:5      | Killed Pikel
  3268 | D:5      | Noticed Crazy Yiuf
  3272 | D:5      | Killed Crazy Yiuf
  3406 | D:6      | Found a radiant altar of Vehumet.
  3410 | D:6      | Became a worshipper of Vehumet
  3524 | D:9      | Found an iron altar of Okawaru.
  3560 | D:9      | Found a bloodstained altar of Trog.
  3616 | D:10     | Found a staircase to the Lair.
  3616 | D:10     | Noticed a fire drake
  3620 | D:10     | Killed a fire drake
  3620 | D:10     | Reached skill level 9 in Fire Magic
  3655 | D:10     | Reached XP level 10. HP: 50/50 MP: 20/29
  3726 | Lair:1   | Entered Level 1 of the Lair of Beasts
  3775 | Lair:2   | Noticed a five-headed hydra
  3794 | Lair:2   | Killed a five-headed hydra
  3794 | Lair:2   | Reached skill level 10 in Fire Magic
  3821 | Lair:2   | Noticed a black mamba
  3826 | Lair:2   | Killed a black mamba
  3826 | Lair:2   | Reached skill level 5 in Shields
  3826 | Lair:2   | Reached skill level 10 in Conjurations
  3863 | Lair:2   | Acquired Vehumet's first power
  3863 | Lair:2   | Offered knowledge of Shock by Vehumet.
  3983 | Lair:3   | Found a labyrinth entrance.
  4011 | Lab      | Entered a labyrinth
  4179 | Lab      | Reached skill level 11 in Fire Magic
  4204 | Lab      | Reached XP level 11. HP: 54/54 MP: 3/32
  4233 | Lab      | Noticed a minotaur
  4291 | Lab      | Identified the +9,+6 trident of Experimentation {vamp, Str+2 Dex+3 Int+2}
  4291 | Lab      | Slain by a minotaur

Action                   |  1- 3 |  4- 6 |  7- 9 | 10-12 || total
-------------------------+-------+-------+-------+-------++-------
Melee: Whip              |     4 |       |       |       ||     4
       Staff             |     1 |     8 |    74 |    11 ||    94
Throw: Dart              |       |       |     1 |       ||     1
 Cast: Flame Tongue      |    41 |    51 |   102 |    41 ||   235
       Sticky Flame      |       |     4 |    32 |    12 ||    48
       Conjure Flame     |       |     4 |    15 |     8 ||    27
       Fireball          |       |       |     6 |     7 ||    13
Evoke: Wand              |       |       |    10 |       ||    10
  Use: Scroll            |       |     1 |    14 |     2 ||    17
       Potion            |       |       |     1 |     1 ||     2
 Stab: Sleeping          |       |       |     1 |       ||     1
       Paralysed         |       |       |     6 |       ||     6
